 Dungeon Crawl Stone Soup version 0.30.1-3-gfc49f6343a (webtiles) character file.

Game seed: 9884362767014683965

370 Atelerd the Digger (level 6, -8/37 HPs)
             Began as an Octopode Earth Elementalist on July 31, 2023.
             Mangled by an iguana (9 damage)
             ... on level 4 of the Dungeon.
             The game lasted 00:03:55 (2925 turns).

Atelerd the Digger (Octopode Earth Elementalist)    Turns: 2925, Time: 00:03:56

Health: -8/37      AC:  1    Str:  8    XL:     6   Next: 70%
Magic:  2/11       EV: 13    Int: 17    God:
Gold:   165        SH:  0    Dex: 14    Spells: 7/12 levels left

rFire   . . .        j - +0 dagger
rCold   . . .        (no shield)
rNeg    . . .        (helmet restricted)
rPois   .            (no amulet)
rElec   .            (no ring)
rCorr   .            (no ring)
SInv    .            (no ring)
Will    .....        (no ring)
Stlth   +++          (no ring)
HPRegen 0.26/turn    (no ring)
MPRegen 0.12/turn    (no ring)
                     (no ring)

%: no passive effects
@: no status effects
A: almost no armour, amphibious, 8 rings, camouflage 1, gelatinous body 1,
(nimble swimmer 1), tentacles
a: no special abilities


You were on level 4 of the Dungeon.
You visited 1 branch of the dungeon, and saw 4 of its levels.

You collected 165 gold pieces.

Inventory:

Hand Weapons
 j - a +0 dagger (weapon)
Wands
 s - a wand of iceblast (11)
Scrolls
 b - 2 scrolls of fog {unknown}
 c - 2 scrolls of identify
 d - 2 scrolls of enchant weapon
 e - a scroll of silence {unknown}
 g - 2 scrolls of summoning {unknown}
 h - a scroll of teleportation
 m - a scroll of noise {unknown}
 n - 2 scrolls of blinking {unknown}
 o - a scroll of vulnerability {unknown}
Potions
 a - a potion of magic
 f - 2 potions of lignification {unknown}
 i - 4 potions of curing {unknown}
 k - 2 potions of brilliance {unknown}
 l - a potion of haste {unknown}
 p - 2 potions of flight {unknown}
 q - a potion of degeneration {unknown}
 r - a potion of heal wounds {unknown}


   Skills:
 - Level 0.4 Fighting
 + Level 0.2 Short Blades
 - Level 2.0 Dodging
 + Level 2.8 Stealth
 - Level 0.5 Unarmed Combat
 + Level 3.9 Spellcasting
 * Level 3.1 Transmutations
 + Level 5.0 Earth Magic


You had 7 spell levels left.
You knew the following spells:

 Your Spells              Type           Power      Damage    Failure   Level
a - Sandblast             Erth           40%        2d10      1%          1
p - Petrify               Tmut/Erth      17%        N/A       28%         4

Your spell library contained the following spells:

 Spells                   Type           Power      Damage    Failure   Level
 Passwall                 Tmut/Erth      14%        N/A       4%          2
 Stone Arrow              Conj/Erth      22%        3d8       17%         3
 Dazzling Flash           Conj/Hex       6%         N/A       43%         3
 Volatile Blastmotes      Fire/Tloc      6%         2d10      43%         3
 Iskenderun's Mystic Bla  Conj/Tloc      3%         2d3       85%         4
 Starburst                Conj/Fire      1%         6d3       100%        6


Dungeon Overview and Level Annotations

Branches:
Dungeon (4/15)
 Temple: D:4-7

Altars:
Vehumet

Shops:
D:1 =

Annotations:
D:2 exclusion: downstairs
D:3 Terence


Innate Abilities, Weirdness & Mutations

You cannot wear most types of armour.
You are amphibious.
You can wear up to eight rings at the same time.
Your skin changes colour to match your surroundings (Stealth+).
Your rubbery body absorbs attacks. (AC +1, EV +1)
((You are camouflaged when in or above water. (Stealth+)))
You have tentacles for arms and can constrict up to eight enemies at once.


Message History

You puncture Dowan!
Dowan is severely wounded.
You constrict Dowan. The iguana misses you.
The helpless Dowan fails to defend himself.
You puncture Dowan!
Dowan is almost dead.
You constrict Dowan. The iguana bites you!
The helpless Dowan fails to defend himself.
You hit Dowan.
You kill Dowan!
The iguana closely misses you.
Casting: Petrify (extremely dangerous; 28% risk of failure)
Confirm with . or Enter, or press ? or * to list all spells.
Aiming: Sandblast (safe; 1% risk of failure)
Press: ? - help, Shift-Dir - straight line, f - iguana
Aim: an iguana (85% to hit)
The blast of sand hits the iguana.
The iguana is moderately wounded.
The iguana bites you!
* * * LOW HITPOINT WARNING * * *
The iguana barely misses you.
Casting: Sandblast (safe; 1% risk of failure)
Confirm with . or Enter, or press ? or * to list all spells.
Aiming: Sandblast (safe; 1% risk of failure)
Press: ? - help, Shift-Dir - straight line, f/p - iguana
Aim: an iguana (moderately wounded, 85% to hit)
The blast of sand hits the iguana.
The iguana is heavily wounded.
The iguana bites you!
* * * LOW HITPOINT WARNING * * *
Okay, then.
Casting: Sandblast (safe; 1% risk of failure)
Confirm with . or Enter, or press ? or * to list all spells.
Aiming: Sandblast (safe; 1% risk of failure)
Press: ? - help, Shift-Dir - straight line, f/p - iguana
Aim: an iguana (heavily wounded, 85% to hit)
The blast of sand hits the iguana but does no damage.
The iguana is heavily wounded.
The iguana barely misses you. The iguana bites you!
You die...

#.#.#####+#...........#
#.# # #.#.#
#.#.........#.# #.# #
#.#'#####(#...........#
#.# #
#.........#.......#####
#.# #........<#......##
#.#
#........##......#####
#........)............
###...##.#####l.....#
#...##.###..@)###.#
######..#..#### .#
##...## # #..## ..>##
#####


You could see an iguana.

Vanquished Creatures
  Duvessa (D:4)
  Blork the orc (D:4)
  Dowan (D:4)
  Jessica (D:3)
  3 gnolls (D:3)
  4 adders
  3 dart slugs
  4 worms
  2 orcs
  A bat (D:2)
  7 endoplasms
  2 giant cockroaches (D:1)
  A goblin (D:2)
  3 hobgoblins
  8 jackals
  2 kobolds
  A quokka (D:1)
  A ball python (D:2)
  2 frilled lizards
  3 rats
51 creatures vanquished.

Notes
Turn   | Place    | Note
-------+----------+-------------------------------------------
     0 | D:1      | Atelerd the Octopode Earth Elementalist began the quest for
                  | the Orb.
     0 | D:1      | Reached XP level 1. HP: 11/11 MP: 3/3
     2 | D:1      | Noticed a draconian
     4 | D:1      | Noticed a merfolk
     4 | D:1      | Noticed a minotaur
     6 | D:1      | Noticed a troll
     6 | D:1      | Noticed a demigod
     8 | D:1      | Noticed a formicid
    10 | D:1      | Noticed a vampire
    10 | D:1      | Noticed an ogre
    12 | D:1      | Noticed a gargoyle
    14 | D:1      | Noticed a spriggan
    14 | D:1      | Noticed a felid
    16 | D:1      | Noticed an elf
    16 | D:1      | Noticed a vine stalker
    18 | D:1      | Noticed a naga
    18 | D:1      | Noticed a demonspawn
    20 | D:1      | Noticed a ghoul
    20 | D:1      | Noticed a tengu
    22 | D:1      | Noticed an armataur
    22 | D:1      | Noticed a meteoran
    24 | D:1      | Noticed an octopode
    24 | D:1      | Noticed a spriggan
    26 | D:1      | Noticed a human
    26 | D:1      | Noticed a tengu
    62 | D:1      | Reached XP level 2. HP: 12/17 MP: 0/5
   140 | D:1      | Found Liyt's Jewellery Shoppe.
   254 | D:1      | Found a faded altar of an unknown god.
   908 | D:2      | Found a radiant altar of Vehumet.
  1067 | D:2      | Reached XP level 3. HP: 21/21 MP: 3/6
  1649 | D:2      | Reached skill level 4 in Earth Magic
  1649 | D:2      | Reached XP level 4. HP: 27/27 MP: 3/8
  2014 | D:3      | Noticed Jessica
  2019 | D:3      | Killed Jessica
  2114 | D:3      | Reached XP level 5. HP: 19/32 MP: 4/10
  2341 | D:3      | Noticed Terence
  2439 | D:3      | Learned a level 4 spell: Petrify
  2604 | D:4      | Noticed Blork the orc
  2618 | D:4      | Killed Blork the orc
  2734 | D:4      | Reached XP level 6. HP: 37/37 MP: 8/11
  2769 | D:4      | Noticed Dowan
  2769 | D:4      | Noticed Duvessa
  2847 | D:4      | Killed Duvessa
  2848 | D:4      | Reached skill level 5 in Earth Magic
  2922 | D:4      | Killed Dowan
  2924 | D:4      | HP: 1/37 [iguana (11)]
  2925 | D:4      | Mangled by an iguana

Illustrated notes

Levels and vault maps discovered:
D:1:      kb_arrival_jail, layout_basic, hellmonk_ecumenical_altar_heavens_door,
          serial_shops, shop, minmay_ruptured
D:2:      layout_basic, basic_altar
D:3:      layout_loops_ring, uniq_jessica, uniq_terence
D:4:      minmay_spotlight, layout_basic, mainiacjoe_overflow_chevrons,
          okawaru_ov_weapons_minmay, amcnicky_altar_gilded,
          minmay_temple_entry_tees, uniq_duvessa, uniq_blork_the_orc

Skill      XL: |  1  2  3  4  5  6 |
---------------+-------------------+-----
Earth Magic    | 4 5 |  5.0
Spellcasting   | 3 |  3.9
Transmutations | 2 3 |  3.1
Fighting       | |  0.4
Short Blades   | |  0.2
Dodging        | |  2.0
Stealth        | |  2.8
Unarmed Combat | |  0.5

Action                     |  1- 3 |  4- 6 || total
---------------------------+-------+-------++-------
  Melee: Unarmed           |     9 |       ||     9
         Tentacles         |     3 |    11 ||    14
         Constrict         |     6 |     4 ||    10
         Dagger            |    11 |    28 ||    39
   Cast: Sandblast         |    41 |    40 ||    81
         Petrify           |       |     6 ||     6
    Use: Scroll            |       |     2 ||     2
   Stab: Sleeping          |     2 |       ||     2
         Petrified         |       |    25 ||    25
 Armour: Skin              |     2 |       ||     2
  Dodge: Dodged            |    26 |    15 ||    41
